 Dungeon Crawl Stone Soup version 0.27.1-33-g824d729ab1 (webtiles) character file.

Game seed: 1646776266226838703

86844 pkoi the Black Belt (level 15, 0/126 HPs)
             Began as a Pale Draconian Monk on Dec 23, 2021.
             Was a High Priest of Okawaru.
             Hit by a silver javelin thrown by a merfolk javelineer (22 damage)
             ... on level 1 of the Shoals on Dec 27, 2021.
             The game lasted 00:49:38 (40522 turns).

pkoi the Black Belt (Pale Draconian Monk)          Turns: 40522, Time: 00:49:39

Health: 0/126      AC: 15    Str: 19    XL:     15   Next: 42%
Magic:  0/21       EV: 24    Int: 15    God:    Okawaru [*****.]
Gold:   1820       SH:  0    Dex: 20    Spells: 11/23 levels left

rFire    + . .     SeeInvis .     - Unarmed
rCold    + + +     Faith    .   (no shield)
rNeg     . . .     Spirit   +   (armour unavailable)
rPois    .         Reflect  .   M - +1 hat of Paliekh {Fly rF- rC+++ Stlth-}
rElec    .         Harm     .   H - scarf {rC+ rF+}
rCorr    +         Rampage  +   B - +2 pair of gloves
Will     +....                  N - +1 pair of boots {rampage}
Stlth    +++.......             L - amulet of Uguac {Spirit *Corrode Str+5 Dex+5}
HPRegen  0.31/turn              D - ring of protection from fire
MPRegen  0.17/turn              K - ring of resist corrosion

@: lethally poisoned (0 -> -7), short of breath, heroic, finesse-ful, flying,
mesmerised, studying Air Magic
A: breathe steam, AC +9, unfitting armour, cold-blooded, steam resistance
a: Breathe Steam, Renounce Religion, Heroism, Finesse


You were on level 1 of the Shoals.
You worshipped Okawaru.
Okawaru was extremely pleased with you.
You visited 4 branches of the dungeon, and saw 22 of its levels.
You also visited: Sewer and Volcano.

You collected 1820 gold pieces.

Inventory:

Hand Weapons
 b - the +5 hand crossbow "Dave" {elec, rElec rPois Will+}
   (Okawaru gifted it to you on level 3 of the Lair of Beasts)

   Any ammunition fired from it occasionally discharges a powerful burst of
   electricity upon striking a foe.
   rElec:     It insulates you from electricity.
   rPois:     It protects you from poison.
   Will:      It increases your willpower.
 q - a +0 arbalest
Missiles
 e - 62 poisoned darts
 p - 15 curare-tipped darts (quivered)
 s - 251 bolts
 E - 6 boomerangs of dispersal
Armour
 B - a +2 pair of gloves (worn)
 H - a scarf of resistance (worn)
 M - the +1 hat of Paliekh (worn) {Fly rF- rC+++ Stlth-}
   (Okawaru gifted it to you on level 6 of the Lair of Beasts)

   rF:        It makes you vulnerable to fire.
   rC:        It renders you almost immune to cold.
   Fly:       It grants you flight.
   Stlth:     It makes you less stealthy.
 N - a +1 pair of boots of rampaging (worn)
Jewellery
 D - a ring of protection from fire (left hand)
 K - a ring of resist corrosion (right hand)
 L - the amulet of Uguac (around neck) {Spirit *Corrode Str+5 Dex+5}
   (You found it on level 5 of the Lair of Beasts)

   [amulet of guardian spirit]

   It causes incoming damage to be divided between your reserves of health and
   magic.
   Str:       It affects your strength (+5).
   Dex:       It affects your dexterity (+5).
   *Corrode:  It may corrode you when you take damage.
Wands
 g - a wand of digging (7)
 h - a wand of flame (73)
 l - a wand of charming (21)
 v - a wand of iceblast (15)
 w - a wand of paralysis (27)
 y - a wand of polymorph (18)
 C - a wand of acid (30)
Scrolls
 d - 6 scrolls of enchant armour
 i - 6 scrolls of magic mapping
 k - a scroll of fear
 x - 6 scrolls of teleportation
 z - 3 scrolls of fog
 A - 3 scrolls of silence
 F - 5 scrolls of identify
 G - 2 scrolls of blinking
Potions
 a - 3 potions of flight
 c - 2 potions of cancellation
 f - 8 potions of curing
 j - 9 potions of heal wounds
 m - a potion of haste
 n - 2 potions of ambrosia
 o - 2 potions of brilliance
 r - a potion of resistance
 u - 2 potions of might


   Skills:
 - Level 10.1(15.1) Fighting
 - Level 4.0(9.0) Crossbows
 + Level 11.0(16.0) Dodging
 - Level 4.0(9.0) Stealth
 + Level 16.6(21.6) Unarmed Combat
 - Level 4.6 Spellcasting
 - Level 6.2 Conjurations
 - Level 6.1 Translocations
 - Level 6.2 Ice Magic
 - Level 11.7 Air Magic
 - Level 7.8 Invocations


You had 11 spell levels left.
You knew the following spells:

 Your Spells              Type           Power      Damage    Failure   Level
a - Freezing Cloud        Conj/Ice/Air   13%        6-21      17%         5
b - Blink                 Tloc           N/A        N/A       1%          2
c - Manifold Assault      Tloc           21%        N/A       36%         5

Your spell library contained the following spells:

 Spells                   Type           Power      Damage    Failure   Level
 Corpse Rot               Necr/Air       N/A        N/A       2%          2
 Poisonous Vapours        Pois/Air       42%        N/A       2%          2
 Ensorcelled Hibernation  Hex/Ice        24%        N/A       7%          2
 Pain                     Necr           12%        1d4       17%         1
 Sting                    Tmut/Pois      12%        1d3       17%         1
 Slow                     Hex            3%         N/A       26%         2
 Confusing Touch          Hex            3%         N/A       45%         3
 Spider Form              Tmut/Pois      1%         N/A       45%         3
 Vampiric Draining        Necr           1%         2d6       45%         3
 Summon Forest            Summ/Tloc      6%         N/A       80%         5
 Olgreb's Toxic Radiance  Pois           3%         N/A       86%         4
 Agony                    Necr           3%         N/A       99%         5
 Excruciating Wounds      Necr           1%         N/A       99%         5
 Eringya's Noxious Bog    Tmut/Pois      1%         N/A       100%        6
 Shadow Creatures         Summ           N/A        N/A       100%        6
 Storm Form               Tmut/Air       10%        N/A       100%        7
 Summon Hydra             Summ           1%         N/A       100%        7


Dungeon Overview and Level Annotations

Branches:
Dungeon (14/15)            Temple (1/1) D:4            Lair (6/6) D:11
 Shoals (1/4) Lair:3       Spider (0/4) Lair:4        Slime (0/5) Lair:5
    Orc (0/2) D:12         Vaults (0/5) D:14          Sewer (visited)
Volcano (visited)

Altars:
Ashenzari
Cheibriados
Dithmenos
Elyvilon
Fedhas
Gozag
Hepliaklqana
Kikubaaqudgha
Makhleb
Nemelex Xobeh
Okawaru
Qazlal
Ru
Sif Muna
Trog
Uskayaw
Vehumet
Wu Jian
Xom
Yredelemnul
Zin
The Shining One

Shops:
D:5 =   D:7 (   D:8 (   D:14 *

Portals:
Trove: D:12 (give 5 scrolls of fear)

Annotations:
D:10 2 runed translucent doors


Innate Abilities, Weirdness & Mutations

You can breathe blasts of scalding, opaque steam.
Your pale cyan-grey scales are hard. (AC +9)
You cannot fit into any form of body armour.
You are cold-blooded and may be slowed by cold attacks.
You are immune to the effects of steam.


Message History

You feel better. The merfolk impaler closely misses you.
The merfolk siren chants its luring song.
The merfolk javelineer is engulfed in a cloud of scalding steam.
The merfolk javelineer throws a silver javelin.
The silver javelin pierces through you!
* * * LOW HITPOINT WARNING * * *
x2 The merfolk impaler misses you.
You miss the merfolk impaler. You punch the merfolk impaler.
The merfolk impaler is heavily wounded.
The merfolk siren misses you.
Unknown command.
You barely miss the merfolk impaler.
Your tail-slap misses the merfolk impaler.
The merfolk impaler is heavily wounded.
The merfolk impaler misses you.
Unknown command.
You punch the merfolk impaler! You tail-slap the merfolk impaler.
Your punch misses the merfolk impaler.
The merfolk impaler is severely wounded.
The merfolk javelineer throws a silver javelin.
The silver javelin completely misses you.
Unknown command.
You barely miss the merfolk impaler.
Your tail-slap misses the merfolk impaler.
The merfolk impaler is severely wounded.
The merfolk impaler hits you but does no damage.
You are poisoned.
Unknown command.
You barely miss the merfolk impaler. You tail-slap the merfolk impaler.
The merfolk impaler is severely wounded.
You feel sick.
The merfolk siren chants its luring song.
Unknown command.
You pummel the merfolk impaler!!
You kill the merfolk impaler!
Okawaru is honoured by your kill.
You feel sick.
The merfolk javelineer throws a silver javelin.
The silver javelin pierces through you!!
You die...

#≈≈....≈≈≈.≈.
####≈≈........≈.
≈≈≈≈......≈...#
≈≈≈.........##
#≈.....$....#
#≈.mm......$# ≈
#≈.)....≈≈...
≈≈####≈.)@...≈≈≈..
≈≈≈≈≈≈≈|.......≈≈≈
#≈≈≈≈≈........≈≈≈
#≈≈≈≈≈?.......≈≈≈
#≈≈≈≈.......≈≈≈≈≈
#≈≈≈≈≈≈.....≈≈≈≈≈
≈≈≈≈≈≈≈≈....>≈≈≈≈≈
≈≈≈≈≈≈≈≈≈≈...≈≈≈≈≈
≈≈≈≈≈≈≈≈≈.....≈.≈≈


You could see a merfolk javelineer and a merfolk siren (mesmerising).

Vanquished Creatures
  A vampire knight (D:14)
  A red draconian (Volcano)
  2 merfolk impalers
  Josephine (D:13)
  Snorg (D:11)
  2 boulder beetles
  8 hydras
  An ogre mage (D:14)
  2 catoblepae
  A death knight (D:14)
  6 centaur warriors
  A merfolk aquamancer (Lair:3)
  Erica (D:8)
  10 two-headed ogres
  2 death yaks (Lair:6)
  A tengu warrior (D:14)
  Nergalle (Lair:2)
  A salamander mystic (Volcano)
  A sea snake (Lair:3)
  4 deep elf pyromancers
  A wizard (D:14)
  2 necromancers (D:14)
  6 cyclopes
  An orb spider (Lair:4)
  5 ugly things
  An oklob plant (Lair:1)
  4 salamanders (Volcano)
  4 manticores
  14 elephants
  3 black mambas
  3 torpor snails
  5 molten gargoyles (Volcano)
  12 cane toads
  6 gargoyles
  Maggie (D:10)
  3 unseen horrors
  A freezing wraith (D:14)
  An efreet (Volcano)
  8 komodo dragons
  9 polar bears
  A wind drake (Lair:3)
  5 hornets (Lair:6)
  3 merfolk
  6 trolls
  2 dream sheep (Lair:5)
  5 blink frogs (Lair:4)
  8 slime creatures
  2 vampires
  15 spriggans
  6 wraiths (D:13)
  44 yaks
  A wyvern (Lair:3)
  2 shadows
  5 basilisks
  A steam dragon (D:8)
  13 vampire mosquitoes
  3 acid dragons
  18 water moccasins
  7 orc warriors
  A sky beast (D:7)
  A hornet zombie (D:8)
  2 black bears
  4 necrophages
  5 ogres
  4 centaurs
  3 boggarts (Lair:6)
  21 wolves
  2 kobold brigands
  Blork the orc (D:5)
  13 bullfrogs
  3 scorpions
  4 gnoll sergeants
  A killer bee (D:8)
  9 wights
  An electric eel (D:9)
  A howler monkey (D:7)
  3 bullfrog zombies
  5 centaur zombies
  5 jellies
  A bullfrog skeleton (D:7)
  2 hounds (D:6)
  A centaur skeleton (D:4)
  11 orc priests
  5 iguanas
  10 orc wizards
  5 hell rats (Lair:3)
  A killer bee zombie (D:8)
  9 gnolls
  A howler monkey skeleton (D:7)
  A river rat (D:3)
  5 adders
  2 shadow imps
  4 white imps
  An ufetubus (D:5)
  5 worms
  2 dart slugs
  53 orcs
  12 ball pythons
  6 endoplasms
  12 giant cockroaches
  5 goblins
  8 hobgoblins
  3 jackals (D:1)
  11 kobolds
  4 quokkas
  3 bats
  9 frilled lizards
  7 rats
  3 bushes (Lair:1)
576 creatures vanquished.

Vanquished Creatures (others)
  35 fungi
  67 plants
102 creatures vanquished.

Grand Total: 678 creatures vanquished

Notes
Turn   | Place    | Note
-------+----------+-------------------------------------------
     0 | D:1      | pkoi the Draconian Monk began the quest for the Orb.
     0 | D:1      | Reached XP level 1. HP: 19/19 MP: 1/1
   125 | D:1      | Reached XP level 2. HP: 23/26 MP: 2/2
   425 | D:1      | Reached skill level 4 in Unarmed Combat
   653 | D:1      | Reached XP level 3. HP: 31/31 MP: 3/3
   870 | D:1      | Found a faded altar of an unknown god.
  2329 | D:3      | Identified a scroll of acquirement
  2329 | D:3      | Acquired a manual of Air Magic
  2419 | D:3      | Reached XP level 4. HP: 35/38 MP: 4/4
  2711 | D:3      | Reached skill level 5 in Unarmed Combat
  2827 | D:3      | Found a glowing drain.
  2832 | Sewer    | Entered a sewer
  3085 | Sewer    | Noticed a bullfrog
  3100 | Sewer    | Killed a bullfrog
  3101 | Sewer    | Reached skill level 6 in Unarmed Combat
  3101 | Sewer    | Reached XP level 5. HP: 24/45 MP: 5/5
  3755 | D:4      | Found a shimmering altar of Xom.
  3804 | D:4      | Noticed a necrophage
  3822 | D:4      | Killed a necrophage
  3823 | D:4      | Reached XP level 6. HP: 46/51 MP: 6/6
  3890 | D:4      | Reached skill level 7 in Unarmed Combat
  4003 | D:4      | Found a staircase to the Ecumenical Temple.
  4012 | Temple   | Entered the Ecumenical Temple
  4248 | Temple   | Became a worshipper of Warmaster Okawaru
  4248 | Temple   | Reached * piety under Okawaru
  4248 | Temple   | Reached ** piety under Okawaru
  4310 | D:4      | Reached skill level 1 in Air Magic
  4669 | D:4      | Reached skill level 1 in Spellcasting
  4669 | D:4      | Reached skill level 1 in Invocations
  5263 | D:5      | Entered Level 5 of the Dungeon
  5384 | D:5      | HP: 2/51 [ogre (17)]
  5397 | D:5      | Your scales start taking on a pale cyan-grey colour.
  5397 | D:5      | Reached XP level 7. HP: 4/57 MP: 5/9
  5397 | D:5      | Gained mutation: You are immune to the effects of steam.
                  | [Pale Draconian growth]
  6013 | D:5      | Found a burning altar of Makhleb.
  6015 | D:5      | Noticed an Executioner
  6015 | D:5      | Noticed Blork the orc
  6029 | D:5      | Killed Blork the orc
  6224 | D:5      | Found Ifen Wyd's Jewellery Boutique.
  6283 | D:5      | Reached skill level 1 in Crossbows
  6283 | D:5      | Reached skill level 8 in Unarmed Combat
  6625 | D:5      | Reached *** piety under Okawaru
  6775 | D:5      | Reached XP level 8. HP: 44/63 MP: 11/11
  7334 | D:5      | Reached skill level 5 in Air Magic
  7488 | D:5      | Found an ancient bone altar of Kikubaaqudgha.
  7488 | D:5      | Found a sparkling altar of Nemelex Xobeh.
  8274 | D:6      | Reached skill level 9 in Unarmed Combat
  8668 | D:6      | Received a gift from Okawaru
  9130 | D:7      | Reached XP level 9. HP: 66/71 MP: 12/12
  9440 | D:7      | Found Otsowacsyg's Firing Range.
  9565 | D:7      | Reached skill level 5 in Invocations
  9575 | D:7      | Reached **** piety under Okawaru
  9778 | D:7      | Reached skill level 10 in Unarmed Combat
  9954 | D:7      | Found a shadowy altar of Dithmenos.
 10032 | D:7      | Learned a level 5 spell: Freezing Cloud
 10073 | D:7      | Received a gift from Okawaru
 10074 | D:7      | Reached skill level 5 in Fighting
 10609 | D:8      | Identified the +0 scale mail of Iwkei {Harm Int+4}
 10632 | D:8      | Found Vyschuowk's Antique Weapon Shop.
 10853 | D:8      | Noticed Erica
 10862 | D:8      | Paralysed by Erica for 4 turns
 10868 | D:8      | Killed Erica
 11335 | D:8      | Reached XP level 10. HP: 79/83 MP: 12/14
 11339 | D:8      | Reached skill level 5 in Dodging
 11475 | D:8      | Reached skill level 11 in Unarmed Combat
 11491 | D:8      | Received a gift from Okawaru
 12219 | D:8      | Noticed a deep elf pyromancer
 12225 | D:8      | Killed a deep elf pyromancer
 12301 | D:9      | Found a broken altar of Ashenzari.
 12673 | D:9      | Reached skill level 1 in Conjurations
 12673 | D:9      | Reached skill level 1 in Ice Magic
 13192 | D:9      | Found a white marble altar of Elyvilon.
 13473 | D:9      | Found a glowing golden altar of the Shining One.
 14276 | D:10     | Entered Level 10 of the Dungeon
 14331 | D:10     | Noticed Maggie
 14712 | D:10     | Found a large runed translucent door.
 14712 | D:10     | Found a large runed translucent door.
 14749 | D:10     | Found a snail-covered altar of Cheibriados.
 15025 | D:10     | Reached XP level 11. HP: 91/91 MP: 14/16
 15073 | D:10     | Killed Maggie
 15637 | D:11     | Noticed a two-headed ogre
 15986 | D:11     | Noticed a six-headed hydra
 15993 | D:11     | Killed a six-headed hydra
 17271 | D:11     | Killed a two-headed ogre
 17473 | D:11     | Found a staircase to the Lair.
 17512 | D:11     | Noticed a two-headed ogre
 17516 | D:11     | Killed a two-headed ogre
 17516 | D:11     | Received a gift from Okawaru
 17517 | D:11     | Reached skill level 12 in Unarmed Combat
 17629 | D:11     | Noticed Snorg
 17666 | D:11     | Killed Snorg
 18170 | D:11     | Noticed a two-headed ogre
 18319 | D:11     | Killed a two-headed ogre
 18319 | D:11     | Received a gift from Okawaru
 18626 | Lair:1   | Entered Level 1 of the Lair of Beasts
 20135 | Lair:1   | Reached XP level 12. HP: 99/101 MP: 15/18
 20480 | Lair:1   | Reached ***** piety under Okawaru
 21291 | Lair:2   | Noticed a six-headed hydra
 21297 | Lair:2   | Killed a six-headed hydra
 22465 | Lair:2   | Noticed a catoblepas
 22473 | Lair:2   | Noticed a seven-headed hydra
 22479 | Lair:2   | Killed a catoblepas
 22490 | Lair:2   | Killed a seven-headed hydra
 22490 | Lair:2   | Received a gift from Okawaru
 22491 | Lair:2   | Reached skill level 13 in Unarmed Combat
 22491 | Lair:2   | Reached skill level 5 in Conjurations
 22491 | Lair:2   | Reached skill level 5 in Ice Magic
 22965 | Lair:2   | Noticed Nergalle
 22978 | Lair:2   | Killed Nergalle
 23503 | Lair:2   | Identified the +2 war axe "Jajotteoxt" {vorpal, rC+}
 23836 | Lair:3   | Found a staircase to the Shoals.
 23856 | Lair:3   | Reached skill level 10 in Air Magic
 23911 | Lair:3   | Found a dark tunnel.
 23920 | Volcano  | Entered a volcano
 24901 | Volcano  | Noticed a red draconian
 24922 | Volcano  | Killed a red draconian
 24923 | Volcano  | Reached XP level 13. HP: 93/111 MP: 19/19
 25191 | Volcano  | Noticed an orb of fire
 25668 | Volcano  | Noticed an orb of fire
 26886 | Lair:1   | Identified the +10 war axe of Zearoil {pain, rC+++ rCorr
                  | MP-9 Int+3}
 27000 | Lair:4   | Reached skill level 14 in Unarmed Combat
 27004 | Lair:4   | Received a gift from Okawaru
 27568 | Lair:4   | Found a hole to the Spider Nest.
 28967 | Lair:5   | Reached skill level 10 in Fighting
 29470 | Lair:5   | Identified the amulet of Uguac {Spirit *Corrode Str+5
                  | Dex+5}
 29493 | Lair:5   | Found a staircase to the Slime Pits.
 29982 | Lair:6   | Entered Level 6 of the Lair of Beasts
 30046 | Lair:6   | Identified the +1 hat of Paliekh {Fly rF- rC+++ Stlth-}
                  | (Okawaru gifted it to you on level 6 of the Lair of Beasts)
 30046 | Lair:6   | Received a gift from Okawaru
 30578 | Lair:6   | Reached skill level 15 in Unarmed Combat
 30578 | Lair:6   | Reached XP level 14. HP: 107/121 MP: 16/20
 32449 | Lair:6   | Received a gift from Okawaru
 32640 | Lair:6   | Learned a level 2 spell: Blink
 32646 | Lair:6   | Learned a level 5 spell: Manifold Assault
 33332 | D:12     | Reached skill level 1 in Translocations
 33589 | D:12     | Found a staircase to the Orcish Mines.
 34238 | D:12     | Found a portal to a secret trove of treasure.
 34793 | D:13     | You are sucked into a shaft and drop 1 floor!
 34927 | D:14     | Found a gate to the Vaults.
 35089 | D:14     | Reached skill level 16 in Unarmed Combat
 35097 | D:14     | Reached skill level 10 in Dodging
 35408 | D:14     | Found Inaumpaw's CLEARANCE SALE! EVERYTHING MUST GO!.
 35487 | D:13     | Noticed Josephine
 35500 | D:13     | Killed Josephine
 36646 | D:14     | Reached XP level 15. HP: 63/126 MP: 18/21
 37534 | D:14     | Received a gift from Okawaru
 37594 | D:14     | Reached skill level 5 in Translocations
 37622 | D:14     | Paralysed by something for 5 turns
 38802 | D:14     | Received a gift from Okawaru
 39594 | Shoals:1 | Entered Level 1 of the Shoals
 39964 | Lair:3   | Identified the +5 hand crossbow "Dave" {elec, rElec rPois
                  | Will+} (Okawaru gifted it to you on level 3 of the Lair of
                  | Beasts)
 39964 | Lair:3   | Received a gift from Okawaru
 40522 | Shoals:1 | Hit by a silver javelin thrown by a merfolk javelineer

Illustrated notes

Levels and vault maps discovered:
D:1:      eino_arrival_water_star, layout_loops_ring,
          ebering_ecumenical_altar_mist, amcnicky_mini_corridor_feature,
          minmay_pentomino_r4
D:2:      layout_basic
D:3:      layout_basic, portal_sewer_entry_e
D:4:      layout_loops_corners, tgw_xom, minmay_temple_entry_gardened_gates
D:5:      layout_loops_ring, amethyst_overflow_temple_binary,
          makhleb_altar_promises_db, serial_shops, nicolae_shop_statue_plus,
          uniq_blork_the_orc
D:6:      layout_loops_ring
D:7:      layout_cave_pools, kennysheep_little_box, nicolae_shop_firing_range
D:8:      minmay_octagon_keep, layout_layer_cave, serial_shops,
          nicolae_stop_n_shop_2, guppyfry_early_elven_hall, uniq_erica
D:9:      layout_basic, tso_oasis_becter, evilmike_ruin_ashenzari,
          nicolae_elyvilon_peaceful_grove, amcnicky_mini_rare_corridor_liquid,
          nicolae_water_bricks
D:10:     layout_roguey, cheibrodos_worm_habitat, lightli_elemental_guards,
          uniq_maggie
D:11:     layout_rooms, david_lair_shrubbed, kb_lookout_dungeons_type,
          uniq_snorg
D:12:     layout_long_grid, hiddenorc2_lemuel, nicolae_trove_entry_diagonal
D:13:     layout_rooms, uniq_josephine
D:14:     minmay_connected_boxes_in_corner, layout_stronghold, david_vaults_1,
          drop_trap, nicolae_shop_clearance
Temple:   nicolae_temple_figure_eight
Lair:1:   layout_chaotic_city, minmay_lair_oklob_bushes, serial_bayou_pond_d,
          grunt_megastairs_1
Lair:2:   layout_gridlike, grunt_megastairs_5, infiniplex_staircase_pool,
          uniq_nergalle
Lair:3:   layout_chaotic_city, shoals_dummy_entry, nicolae_volcano_entry_s_turn,
          serial_bayou_shore_a, grunt_megastairs_3, lemuel_fruit_fields
Lair:4:   layout_regular_city, nicolae_spider_entry_orb_guardian,
          forest_entry_grove
Lair:5:   layout_roguey, minmay_slime_entry_pillars
Lair:6:   minmay_lair_end_enchanted_forest, layout_cave_shapes
Shoals:1: layout_shoals, serial_shops, nicolae_shop_trees, st_sunken_huts

Skill      XL: |  1  2  3  4  5  6  7  8  9 10 11 12 13 14 15 |
---------------+----------------------------------------------+-----
Unarmed Combat | 4 6 7 8 9 10 11 12 13 15 16 | 16.6
Air Magic      | 2 4 5 6 8 10 11 | 11.7
Spellcasting   | 1 2 3 4 |  4.6
Invocations    | 1 2 4 6 7 |  7.8
Crossbows      | 1 2 4 |  4.0
Dodging        | 3 4 5 6 7 9 10 11 | 11.0
Fighting       | 4 5 6 7 9 10 | 10.1
Conjurations   | 2 3 5 6 |  6.2
Ice Magic      | 2 4 5 6 |  6.2
Stealth        | 2 3 4 |  4.0
Translocations | 4 6 |  6.1

Action                   |  1- 3 |  4- 6 |  7- 9 | 10-12 | 13-15 || total
-------------------------+-------+-------+-------+-------+-------++-------
Melee: Unarmed           |   152 |   199 |   268 |   703 |  1261 ||  2583
       Tailslap          |    16 |    23 |    26 |   108 |   250 ||   423
       Punch             |     4 |     7 |     7 |    61 |   150 ||   229
 Fire: Arbalest          |       |       |       |     6 |    48 ||    54
       Hand crossbow     |       |       |       |       |     1 ||     1
Throw: Dart              |       |     1 |       |     1 |       ||     2
Invok: Heroism           |       |     1 |    12 |    39 |    29 ||    81
       Finesse           |       |       |       |       |     2 ||     2
 Abil: Breathe Steam     |       |       |     7 |    28 |    29 ||    64
Evoke: Wand              |       |       |       |       |     1 ||     1
  Use: Scroll            |     4 |       |    10 |     6 |     4 ||    24
       Potion            |       |     1 |       |     4 |     2 ||     7
 Stab: Sleeping          |     4 |     4 |     3 |     1 |     6 ||    18
       Distracted        |       |       |       |       |     1 ||     1
Armor: Skin              |    38 |    56 |    69 |   157 |   328 ||   648
Dodge: Dodged            |    76 |   121 |   170 |   407 |   959 ||  1733
Block: Other             |       |       |    16 |   102 |    61 ||   179
       Reflection        |       |       |     2 |     1 |       ||     3
